 Dungeon Crawl Stone Soup version 0.24-a0-769-g368c164 (webtiles) character file.

Game seed: 8788739311421872112, levelgen mode: deterministic

122 scarywalker64 the Vexing (level 4, 0/35 HPs)
             Began as a Demigod Arcane Marksman on Oct 5, 2019.
             Shot with an arrow by a centaur (11 damage)
             ... on level 3 of the Dungeon.
             The game lasted 00:07:13 (2842 turns).

scarywalker64 the Vexing (Demigod Arcane Marksman)  Turns: 2842, Time: 00:07:14

Health: 0/35       AC:  4    Str: 15    XL:     4   Next: 50%
Magic:  8/8        EV: 12    Int: 17    God:
Gold:   60         SH:  0    Dex: 16    Spells: 5/6 levels left

rFire    . . .     SeeInvis .   v - +0 trident (venom)
rCold    . . .     Gourm    .   (no shield)
rNeg     . . .     Faith    .   h - +0 leather armour
rPois    .         Spirit   .   w - +0 helmet
rElec    .         Reflect  .   (no cloak)
rCorr    .         Harm     .   (no gloves)
MR       .....                  (no boots)
Stlth    +.........             (no amulet)
HPRegen  0.11/turn              (no ring)
MPRegen  0.11/turn              (no ring)

@: very slightly contaminated
A: high mp 1
a: no special abilities


You were on level 3 of the Dungeon.
You were not hungry.

You visited 1 branch of the dungeon, and saw 3 of its levels.

You collected 60 gold pieces.

Inventory:

Hand Weapons
 a - a +0 hunting sling
 v - a +0 trident of venom (weapon)
Missiles
 c - 93 arrows
 d - 31 sling bullets
 n - 54 stones (quivered)
 p - 10 poisoned darts
Armour
 h - a +0 leather armour (worn)
 w - a +0 helmet (worn)
Scrolls
 i - 2 scrolls of teleportation
 q - a scroll of amnesia
 u - a scroll of blinking
Potions
 b - a potion of might {unknown}
 j - a potion of degeneration {unknown}
 m - a potion of magic {unknown}
 o - 2 potions of agility {unknown}
 x - a potion of flight {unknown}
Comestibles
 f - 6 rations


   Skills:
 * Level 1.6 Fighting
 + Level 0.1 Polearms
 * Level 3.3 Slings
 + Level 2.0 Dodging
 * Level 1.5 Spellcasting
 * Level 3.3 Hexes


You had 5 spell levels left.
You knew the following spells:

 Your Spells              Type           Power        Failure   Level  Hunger
a - Corona                Hex            ##.....      6%          1    ##.....

Your spell library contained the following spells:

 Spells                   Type           Power        Failure   Level  Hunger
 Slow                     Hex            ##......     10%         2    ###....
 Inner Flame              Hex/Fire       #.......     36%         3    ####...
 Portal Projectile        Hex/Tloc       #.....       36%         3    ####...
 Cause Fear               Hex            ##........   52%         4    #####..
 Leda's Liquefaction      Hex/Erth       #.........   77%         4    #####..


Dungeon Overview and Level Annotations

Branches:
Dungeon (3/15)


Innate Abilities, Weirdness & Mutations

You have an increased reservoir of magic. (+10% MP)


Message History

You reach to attack!
You barely miss the bat. The bat barely misses you.
The centaur shoots an arrow.
The arrow hits you!
The centaur shoots an arrow.
The arrow closely misses you. The bat barely misses you.
Attack whom?
Press: ? - help, Dir - move target cursor, f/p - bat
Aim: a bat You reach to attack!
You miss the bat. The bat closely misses you.
The centaur shoots an arrow.
The arrow hits you!
You are too injured to fight recklessly!
You are too injured to fight recklessly!
You are too injured to fight recklessly!
The centaur shoots an arrow.
The arrow hits you!
* * * LOW HITPOINT WARNING * * *
The bat barely misses you.
You see here an arrow.
It was a potion of curing.
You feel better. The bat misses you.
The centaur shoots an arrow.
The arrow hits you.
The centaur shoots an arrow.
The arrow hits you!
You die...

#. #.#........#
#... #.
#.#........# ###.
#####.##>##########
## #..........#
#..........#
#..........#
#.....b....#
#.......((<#
#...c..@...#
#..........#
############


You could see a centaur and a bat.

Vanquished Creatures
  A howler monkey skeleton (D:2)
  3 adders (D:2)
  2 worms (D:2)
  A dart slug (D:1)
  3 leopard geckos (D:1)
  3 orcs (D:2)
  A ball python (D:1)
  4 giant cockroaches
  5 goblins
  8 hobgoblins
  10 jackals
  A quokka (D:2)
  6 bats
  2 frilled lizards
  6 kobolds
  10 rats
66 creatures vanquished.

Vanquished Creatures (others)
  A goblin (D:3)
1 creature vanquished.

Grand Total: 67 creatures vanquished

Notes
Turn   | Place    | Note
-------+----------+-------------------------------------------
     0 | D:1      | scarywalker64 the Demigod Arcane Marksman began the quest
                  | for the Orb.
     0 | D:1      | Reached XP level 1. HP: 15/15 MP: 4/4
   460 | D:1      | Reached XP level 2. HP: 22/22 MP: 5/5
   915 | D:2      | Reached skill level 1 in Fighting
   915 | D:2      | Reached XP level 3. HP: 28/28 MP: 7/7
  1411 | D:2      | Reached XP level 4. HP: 35/35 MP: 8/8
  2837 | D:3      | Noticed a centaur
  2842 | D:3      | Shot with an arrow by a centaur

Levels and vault maps discovered:
D:1:      dpeg_arrival_long_road, layout_loops_ring
D:2:      layout_loops_ring, first_ration, minmay_distorted
D:3:      corexii_shack_village, layout_rooms, ebering_ghost_rock_garden

Skill      XL: |  1  2  3 |
---------------+----------+-----
Hexes          | 3 |  3.3
Slings         | 2 3 |  3.3
Fighting       | 1 |  1.6
Dodging        | 2 |  2.0
Polearms       | |  0.1
Spellcasting   | |  1.5

Action                   |  1- 3 |  4- 6 || total
-------------------------+-------+-------++-------
Melee: Long sword        |    24 |    19 ||    43
       Flail             |       |    17 ||    17
       Trident           |       |    15 ||    15
 Fire: Hunting sling     |    97 |    28 ||   125
  Use: Scroll            |     3 |     4 ||     7
       Potion            |       |     3 ||     3
  Eat: Chunk             |     1 |     5 ||     6
Armor: Robe              |    19 |    15 ||    34
       Skin              |       |    25 ||    25
       Leather armour    |       |     5 ||     5
Dodge: Dodged            |    48 |    92 ||   140
       Rpst.: Long sword |     5 |     5 ||    10

Table legend:
 A = Non-vault XP
 B = Vault XP
 C = Vault XP percentage of total XP
 D = Non-vault monster count
 E = Vault monster count
 F = Vault count percentage of total count
                 A         B        C        D         E       F
            +---------+---------+-------+---------+---------+-------
      Total |     175 |       0 |   0.0 |      66 |       0 |   0.0
            +---------+---------+-------+---------+---------+-------
        D:1 |      38 |       0 |   0.0 |      20 |       0 |   0.0
        D:2 |     114 |       0 |   0.0 |      32 |       0 |   0.0
        D:3 |      23 |       0 |   0.0 |      14 |       0 |   0.0
            +---------+---------+-------+---------+---------+-------
